 Dungeon Crawl Stone Soup version 0.26.1-2-gb8aa6d0cf2 (webtiles) character file.

Game seed: 1418910884049303327

6650 Allula97 the Cruncher (level 10, -8/76 HPs)
             Began as a Demonspawn Gladiator on Feb 26, 2021.
             Was an Elder of Vehumet.
             Hit by a large rock thrown by a stone giant (23 damage)
             ... in a volcano.
             The game lasted 00:40:30 (10565 turns).

Allula97 the Cruncher (Demonspawn Gladiator)       Turns: 10565, Time: 00:40:30

Health: -8/76      AC: 13    Str: 14    XL:     10   Next: 72%
Magic:  17/17      EV: 15    Int: 15    God:    Vehumet [****..]
Gold:   261        SH:  0    Dex: 15    Spells: 0/18 levels left

rFire    . . .     SeeInvis .   w - +4 quarterstaff (elec)
rCold    + . .     Faith    +   (shield currently unavailable)
rNeg     . . .     Spirit   .   I - +1 leather armour {rC+}
rPois    .         Reflect  .   (helmet restricted)
rElec    .         Harm     .   m - +2 cloak
rCorr    .         Rampage  .   (no gloves)
Will     .....                  H - +0 pair of boots
Stlth    +.........             t - amulet of faith
HPRegen  0.22/turn              E - ring of wizardry
MPRegen  0.15/turn              j - +4 ring of protection

@: no status effects
A: horns 2, foul stench 1, powered by pain 2, miasma immunity, big brain 1
a: Renounce Religion


You were in a volcano.
You worshipped Vehumet.
Vehumet was greatly pleased with you.
You visited 3 branches of the dungeon, and saw 12 of its levels.
You also visited: Ossuary and Volcano.

You collected 481 gold pieces.
You spent 220 gold pieces at shops.

Inventory:

Hand Weapons
 a - a +0 scimitar
 h - a +0 dagger of draining
 u - a cursed +2 great sword of freezing
 w - a +4 quarterstaff of electrocution (weapon)
Missiles
 d - 4 throwing nets (quivered)
Armour
 m - a +2 cloak (worn)
 n - a +1 chain mail of cold resistance
 r - a +0 buckler
 H - a +0 pair of boots (worn)
 I - a +1 leather armour of cold resistance (worn)
Jewellery
 j - a +4 ring of protection (right hand)
 s - an uncursed ring of magical power
 t - an amulet of faith (around neck)
 E - a ring of wizardry (left hand)
Wands
 b - a wand of digging (2)
 q - a wand of disintegration (9)
 F - a wand of paralysis (3)
 G - a wand of flame (38)
Scrolls
 e - 4 scrolls of identify
 f - 5 scrolls of enchant armour
 g - 2 scrolls of magic mapping
 i - 4 scrolls of teleportation
 k - 2 scrolls of fear
 x - 3 scrolls of amnesia
 y - a scroll of brand weapon
 C - 7 scrolls of remove curse
 D - a scroll of blinking
Potions
 c - a potion of resistance
 l - 2 potions of might
 o - a potion of attraction
 p - a potion of curing
 v - 3 potions of brilliance
 z - a potion of ambrosia
 A - 3 potions of flight
 B - a potion of haste


   Skills:
 * Level 6.2 Fighting
 + Level 9.5 Staves
 - Level 1.7 Throwing
 + Level 4.8 Armour
 * Level 5.3 Dodging
 - Level 0.2 Stealth
 - Level 0.7 Shields
 + Level 0.2 Unarmed Combat
 * Level 4.7 Spellcasting
 * Level 4.2 Conjurations
 + Level 0.1 Translocations
 * Level 3.5 Fire Magic
 * Level 3.0 Air Magic
 + Level 0.4 Poison Magic


You couldn't memorise any spells.
You knew the following spells:

 Your Spells              Type           Power        Failure   Level
a - Foxfire               Conj/Fire      60%          1%          1
b - Freezing Cloud        Conj/Ice/Air   5%           67%         6
c - Iskenderun's Mystic   Conj/Tloc      10%          10%         4
d - Mephitic Cloud        Conj/Pois/Air  11%          2%          3
e - Olgreb's Toxic Radia  Pois           4%           17%         4

Your spell library contained the following spells:

 Spells                   Type           Power        Failure   Level
 Magic Dart               Conj           64%          1%          1
 Shock                    Conj/Air       56%          1%          1
 Searing Ray              Conj           32%          1%          2
 Dazzling Flash           Conj/Hex       18%          3%          3
 Ignite Poison            Fire/Tmut/Pois 7%           4%          3
 Poisonous Vapours        Pois/Air       16%          6%          2
 Sting                    Tmut/Pois      16%          8%          1
 Fulminant Prism          Conj/Hex       4%           10%         4
 Confusing Touch          Hex            3%           24%         3
 Gell's Gravitas          Tloc           1%           24%         3
 Yara's Violent Unravell  Hex/Tmut       1%           45%         5
 Petrify                  Tmut/Erth      3%           58%         4
 Metabolic Englaciation   Hex/Ice        1%           89%         5


Dungeon Overview and Level Annotations

Branches:
Dungeon (10/15)            Temple (1/1) D:4            Lair (1/6) D:9
Ossuary (visited)         Volcano (1/1)
    Orc: D:9-12

Altars:
Ashenzari
Cheibriados
Dithmenos
Elyvilon
Fedhas
Gozag
Hepliaklqana
Kikubaaqudgha
Makhleb
Nemelex Xobeh
Okawaru
Qazlal
Ru
Sif Muna
Trog
Uskayaw
Vehumet
Wu Jian
Xom
Yredelemnul
Zin
The Shining One

Shops:
D:5 ?   D:7 [


Innate Abilities, Weirdness & Mutations

You have a pair of horns on your head.
You may emit foul miasma when damaged in melee.
You sometimes gain power by taking damage.
You are immune to miasma.
You have an unusually large brain. (Int +2)


Message History

You emit a cloud of foul miasma!
The stone giant is engulfed in dark miasma.
The stone giant is poisoned.
The stone giant hits you but does no damage.
The stone giant is engulfed in dark miasma.
The stone giant looks even sicker.
The stone giant throws a large rock.
The large rock hits you!
* * * LOW HITPOINT WARNING * * *
You see here a large rock.
The stone giant is engulfed in dark miasma.
The stone giant looks even sicker.
The stone giant seems to slow down.
The stone giant throws a large rock.
The large rock misses you.
There is an open door, spattered with blood here.
Things that are here:
a large rock; a +0 mace; a +0 scimitar of flaming Unknown command.
The stone giant is engulfed in dark miasma.
The stone giant looks as sick as possible!
The stone giant throws a large rock.
The large rock hits you!!
You die...

§§§≈§≈≈§≈≈≈≈≈≈§≈≈≈≈≈≈≈≈§≈§≈≈≈≈§≈§
§§≈§§≈§§≈≈≈≈≈§≈§§≈§≈≈≈≈§§§≈§≈≈§§§
≈§§§§≈≈........§.......§.§§≈≈≈≈≈≈
≈§≈≈§○≈.#################.§§§§§§§
§§≈≈≈§≈.#....C(....'... #.≈§§§≈§§
§§≈≈≈§≈.#.∩..#.8_8.#.. #.≈≈§≈≈§§
≈≈§≈≈≈≈.#... #.(9..# #.≈≈§≈≈○§
≈≈§§≈≈≈.###++###(###++###.§§§§≈≈°
≈≈§§≈§≈.#......#@#......#§≈≈≈§≈≈≈
≈§≈≈≈§≈§######.#.#.######.§§≈≈§°≈
≈≈§§§§≈§# #.# #§§≈≈≈≈°° ≈§§§≈§§.#
#.# #.≈≈≈≈°≈≈ ≈≈§§§≈≈.# #.#
#§≈§≈≈§≈° ≈≈≈≈≈≈§.# #.# #§≈≈§§≈≈§
§§≈°≈°≈.########'########.≈§§§≈≈≈
°§≈≈°≈≈≈.§.....§§.....§§§≈≈§§≈≈§≈
≈§°≈≈°°.≈≈§§§≈§≈§§≈≈≈≈§§§§○§§≈§§≈


You could see a stone giant (extremely poisoned, slow, sick) and a gargoyle.

Vanquished Creatures
  A deep elf mage (D:9)
  A gargoyle (Volcano)
  An efreet (Volcano)
  A kobold demonologist (D:9)
  A troll (D:9)
  Prince Ribbit (D:5)
  A hornet (D:9)
  Grinder (D:3)
  A yak (D:9)
  The ghost of execc the Covert, an amateur GnDe (D:4)
  A fire bat (Volcano)
  4 orc warriors
  2 sky beasts
  2 phantoms
  3 ice beasts
  A black bear (D:9)
  3 ogres
  5 centaurs
  2 earth elementals (Volcano)
  3 bullfrogs (D:9)
  3 water moccasin zombies (Ossuary)
  2 scorpions
  4 wights
  6 howler monkeys
  5 lava snakes (Volcano)
  A quasit (D:7)
  A bullfrog skeleton (D:4)
  6 hounds
  A jelly (D:9)
  8 orc wizards
  Crazy Yiuf (D:4)
  5 orc priests
  A gnoll shaman (D:4)
  Jessica (D:2)
  An iguana (D:9)
  Terence (D:3)
  Ijyb (D:3)
  2 worker ants
  2 killer bee zombies
  2 big kobold zombies (Ossuary)
  2 hound zombies
  A hound skeleton (D:4)
  2 mummies (Ossuary)
  A howler monkey zombie (D:8)
  17 gnolls
  4 adders
  3 shadow imps
  A white imp (D:7)
  4 ufetubi
  An adder skeleton (D:6)
  5 adder zombies (Ossuary)
  4 worms
  A dart slug (D:2)
  7 leopard geckos
  26 orcs
  4 bats
  7 giant cockroaches
  10 goblins
  4 hobgoblins
  11 jackals
  A quokka (D:8)
  2 ball pythons
  6 frilled lizards
  5 gnoll zombies (Ossuary)
  5 hobgoblin zombies (Ossuary)
  7 kobolds
  5 kobold zombies (Ossuary)
  A leopard gecko skeleton (D:4)
  2 orc zombies (Ossuary)
  A quokka skeleton (D:4)
  11 rats
251 creatures vanquished.

Vanquished Creatures (others)
  An orc wizard (D:6)
  68 foxfires
  6 fungi (D:9)
  5 plants (D:9)
80 creatures vanquished.

Grand Total: 331 creatures vanquished

Notes
Turn   | Place    | Note
-------+----------+-------------------------------------------
     0 | D:1      | Allula97 the Demonspawn Gladiator began the quest for the
                  | Orb.
     0 | D:1      | Reached XP level 1. HP: 16/16 MP: 1/1
   240 | D:1      | Gained mutation: You are immune to miasma. [demonic
                  | ancestry]
   240 | D:1      | Reached XP level 2. HP: 16/22 MP: 2/2
   474 | D:1      | Reached skill level 3 in Staves
  1053 | D:2      | Gained mutation: You sometimes gain a little power by
                  | taking damage. [demonic ancestry]
  1053 | D:2      | Reached XP level 3. HP: 27/27 MP: 3/3
  1068 | D:2      | Noticed Jessica
  1077 | D:2      | Killed Jessica
  1078 | D:2      | Reached skill level 1 in Armour
  1199 | D:2      | Gained mutation: You have a pair of small horns on your
                  | head. [demonic ancestry]
  1199 | D:2      | Reached XP level 4. HP: 33/33 MP: 5/5
  1484 | D:2      | Found a shadowy altar of Dithmenos.
  1487 | D:2      | Found a broken altar of Ashenzari.
  1492 | D:2      | Found a bloodstained altar of Trog.
  1554 | D:2      | Reached skill level 1 in Spellcasting
  1856 | D:3      | Noticed Ijyb
  1917 | D:3      | Killed Ijyb
  2535 | D:3      | You fall into a shaft and drop 2 floors!
  2535 | D:5      | Entered Level 5 of the Dungeon
  2601 | D:4      | Noticed an ogre
  2609 | D:4      | Gained mutation: You sometimes gain power by taking damage.
                  | [demonic ancestry]
  2609 | D:4      | Reached XP level 5. HP: 39/39 MP: 6/6
  2614 | D:4      | Killed an ogre
  2615 | D:4      | Reached skill level 4 in Staves
  2717 | D:3      | Noticed Grinder
  2739 | D:3      | Killed Grinder
  2740 | D:3      | Reached skill level 5 in Staves
  2740 | D:3      | Gained mutation: You have a pair of horns on your head.
                  | [demonic ancestry]
  2740 | D:3      | Reached XP level 6. HP: 21/46 MP: 8/8
  3100 | D:3      | Noticed Terence
  3109 | D:3      | Killed Terence
  3582 | D:4      | Reached XP level 7. HP: 38/51 MP: 9/9
  3618 | D:4      | Found a staircase to the Ecumenical Temple.
  3629 | Temple   | Entered the Ecumenical Temple
  3982 | Temple   | Became a worshipper of Vehumet
  4213 | D:4      | Found a transporter.
  4214 | D:4      | Noticed execc's ghost (amateur GnDe)
  4224 | D:4      | Found a transporter.
  4263 | D:4      | Killed execc's ghost
  4642 | D:4      | Found a runed translucent door.
  4643 | D:4      | Noticed Crazy Yiuf
  4650 | D:4      | Killed Crazy Yiuf
  5095 | D:5      | Found Ygel's Magic Scroll Shoppe.
  5101 | D:5      | Bought a scroll of identify for 20 gold pieces
  5101 | D:5      | Bought a scroll of brand weapon for 200 gold pieces
  5115 | D:5      | Gained mutation: You have an unusually large brain. (Int
                  | +2) [demonic ancestry]
  5115 | D:5      | Reached XP level 8. HP: 47/60 MP: 12/12
  5355 | D:5      | Found a stormy altar of Qazlal.
  5421 | D:5      | Noticed Prince Ribbit
  5430 | D:5      | Killed Prince Ribbit
  5431 | D:5      | Reached skill level 6 in Staves
  5544 | D:5      | Reached * piety under Vehumet
  5544 | D:5      | Offered knowledge of Foxfire by Vehumet.
  5548 | D:5      | Learned a level 1 spell: Foxfire
  5619 | D:5      | Found a shimmering blue altar of Sif Muna.
  6031 | D:6      | Reached skill level 1 in Conjurations
  6034 | D:6      | Reached skill level 1 in Fire Magic
  6060 | D:6      | Found a sand-covered staircase.
  6064 | Ossuary  | Entered an ossuary
  6096 | Ossuary  | Reached skill level 7 in Staves
  6107 | Ossuary  | Offered knowledge of Shock by Vehumet.
  6108 | Ossuary  | Reached ** piety under Vehumet
  6113 | Ossuary  | Learned a level 1 spell: Shock
  6203 | Ossuary  | Offered knowledge of Inner Flame by Vehumet.
  6204 | Ossuary  | Reached XP level 9. HP: 54/67 MP: 14/14
  6323 | D:6      | Reached skill level 1 in Air Magic
  6349 | D:6      | Reached skill level 5 in Fighting
  6574 | D:6      | Reached *** piety under Vehumet
  6845 | D:7      | Offered knowledge of Iskenderun's Mystic Blast by Vehumet.
  6871 | D:7      | Reached skill level 8 in Staves
  6884 | D:7      | Found a blossoming altar of Fedhas.
  6946 | D:7      | Learned a level 4 spell: Iskenderun's Mystic Blast
  7330 | D:7      | Found a hazy altar of Hepliaklqana.
  7554 | D:7      | Found Hymaad's Armour Shop.
  7707 | D:7      | Learned a level 3 spell: Mephitic Cloud
  7848 | D:8      | Reached **** piety under Vehumet
  7866 | D:8      | Offered knowledge of Sticky Flame by Vehumet.
  8226 | D:8      | Found a shimmering altar of Xom.
  8592 | D:9      | Gained mutation: You may emit foul miasma when damaged in
                  | melee. [demonic ancestry]
  8592 | D:9      | Reached XP level 10. HP: 55/75 MP: 16/16
  8612 | D:9      | Found a staircase to the Lair.
  8796 | D:9      | Reached skill level 5 in Dodging
  8987 | D:9      | Noticed a deep elf mage
  9001 | D:9      | Killed a deep elf mage
  9002 | D:9      | Reached skill level 9 in Staves
  9133 | D:9      | Learned a level 4 spell: Olgreb's Toxic Radiance
  9261 | D:9      | Reached ***** piety under Vehumet
  9261 | D:9      | Offered knowledge of Freezing Cloud by Vehumet.
  9701 | D:10     | Entered Level 10 of the Dungeon
  9733 | Lair:1   | Entered Level 1 of the Lair of Beasts
  9749 | Lair:1   | Found a dark tunnel.
  9758 | Volcano  | Entered a volcano
  9784 | Volcano  | Learned a level 6 spell: Freezing Cloud
 10257 | Volcano  | Found a radiant altar of Vehumet.
 10257 | Volcano  | Noticed a gargoyle
 10278 | Volcano  | Killed a gargoyle
 10558 | Volcano  | Noticed a stone giant
 10560 | Volcano  | Noticed a gargoyle
 10565 | Volcano  | Hit by a large rock thrown by a stone giant

Illustrated notes

Levels and vault maps discovered:
D:1:      lightli_arrival_chessboard, layout_basic, supply_closet_lemuel,
          palyth_stone_intersect
D:2:      layout_loops_ring, grunt_temple_overflow_diamond, uniq_jessica
D:3:      layout_loops_corners, grunt_decor_arrowhead, uniq_ijyb, uniq_terence,
          uniq_grinder
D:4:      layout_basic, minmay_temple_entry_glass, gammafunk_ghost_mausoleum,
          corexii_checkpoint_a, uniq_crazy_yiuf_cottage
D:5:      layout_loops_cross, serial_shops, shop, kennysheep_flooded_box,
          tgw_sif, uniq_prince_ribbit1
D:6:      layout_rooms, lightli_ossuary_entry_decrepit_ruins
D:7:      layout_rooms, nzn_hepliaklqana_mist_gate,
          fedhas_bush_and_centaur_altar, serial_shops, kennysheep_mini,
          minmay_puff
D:8:      layout_cave_pools, marbit_many_paths
D:9:      minmay_cornered_nines, layout_basic, grunt_lair_entry_orc_guard_hut
D:10:     layout_roguey, david_orc_2, serial_shops, shop
Temple:   nicolae_temple_elliptical
Lair:1:   layout_chaotic_city, nicolae_volcano_entry_two_sided
Volcano:  volcano_lake [vl_original]

Skill      XL: |  1  2  3  4  5  6  7  8  9 10 |
---------------+-------------------------------+-----
Staves         | 3 5 7 8 9 |  9.5
Dodging        | 3 4 5 |  5.3
Armour         | 1 2 3 4 |  4.8
Spellcasting   | 1 2 3 4 |  4.7
Fighting       | 3 4 5 6 |  6.2
Conjurations   | 1 3 4 |  4.2
Fire Magic     | 1 2 3 |  3.5
Air Magic      | 2 3 |  3.0
Throwing       | |  1.7
Stealth        | |  0.2
Shields        | |  0.7
Unarmed Combat | |  0.2
Translocations | |  0.1
Poison Magic   | |  0.4

Action                   |  1- 3 |  4- 6 |  7- 9 | 10-12 || total
-------------------------+-------+-------+-------+-------++-------
Melee: Quarterstaff      |    84 |   149 |   373 |   109 ||   715
       Unarmed           |       |    22 |       |       ||    22
       Headbutt          |       |    22 |    70 |    21 ||   113
Throw: Throwing net      |       |       |     2 |       ||     2
 Cast: Foxfire           |       |       |    44 |       ||    44
       Shock             |       |       |     3 |       ||     3
       Iskenderun's Myst |       |       |       |     7 ||     7
       Mephitic Cloud    |       |       |       |     6 ||     6
       Olgreb's Toxic Ra |       |       |       |     2 ||     2
  Use: Scroll            |       |       |    19 |     3 ||    22
       Potion            |       |       |     2 |     6 ||     8
 Stab: Sleeping          |     1 |       |       |       ||     1
Armor: Leather armour    |    33 |    15 |       |    12 ||    60
       Ring mail         |       |    27 |    39 |       ||    66
       Chain mail        |       |       |   247 |    13 ||   260
Dodge: Dodged            |    69 |   120 |   205 |    53 ||   447
